 Dungeon Crawl Stone Soup version 0.31-a0-986-g5e6e4ef867 (webtiles) character file.

Game seed: 17655559718388250916

1435 Firecrotchwizard the Grappler (level 8, -7/71 HPs)
             Began as a Minotaur Shapeshifter on Nov 13, 2023.
             Was an Initiate of Okawaru.
             Mangled by an ogre
             ... wielding a +0 giant club
              (25 damage)
             ... on level 5 of the Dungeon.
             The game lasted 00:08:27 (4548 turns).

Firecrotchwizard the Grappler (MiSh)                Turns: 4548, Time: 00:08:27

Health: -7/71      AC:  8    Str: 21    XL:     8   Next: 45%
Magic:  7/7        EV:  8    Int:  7    God:    Okawaru [......]
Gold:   380        SH:  0    Dex: 10    Spells: 7/7 levels left

rFire   . . .        m - +0 lajatang (vamp)
rCold   . . .        (shield currently unavailable)
rNeg    . . .        k - +0 chain mail
rPois   .            (helmet currently unavailable)
rElec   .            (cloak currently unavailable)
rCorr   .            (gloves currently unavailable)
SInv    .            (boots currently unavailable)
Will    .....        (no amulet) Stlth
                     (no ring)
HPRegen 0.31/turn    (no ring)
MPRegen 0.10/turn

%: no passive effects
@: beast-form
A: beast (slay +2), horns 2, retaliatory headbutt
a: Begin Untransformation, Renounce Religion


You were on level 5 of the Dungeon.
You worshipped Okawaru.
Okawaru was noncommittal.
You were a hulking beast.
You visited 2 branches of the dungeon, and saw 6 of its levels.

You collected 380 gold pieces.

Inventory:

Hand Weapons
 m - a +0 vampiric lajatang (weapon)
Armour
 a - a +0 animal skin
 i - a +0 ring mail
 k - a +0 chain mail (worn)
Talismans
 c - a beast talisman
 d - a flux talisman
 y - a maw talisman
Scrolls
 f - a scroll of fog {unknown}
 g - a scroll of teleportation {unknown}
 l - a scroll of immolation {unknown}
 o - 4 scrolls of identify {unknown}
 q - a scroll of summoning {unknown}
 s - a scroll of amnesia {unknown}
 v - a scroll of fear {unknown}
 w - a scroll of vulnerability {unknown}
 x - a scroll of poison {unknown}
Potions
 b - a potion of lignification
 e - 2 potions of magic {unknown}
 h - a potion of ambrosia {unknown}
 j - 2 potions of might {unknown}
 n - a potion of heal wounds {unknown}
 p - a potion of resistance {unknown}
 r - 2 potions of degeneration {unknown}
 t - a potion of curing {unknown}
 u - a potion of attraction {unknown}
 z - a potion of cancellation {unknown}


   Skills:
 + Level 6.5 Fighting
 - Level 2.1 Dodging
 + Level 8.5 Unarmed Combat
 + Level 4.7 Shapeshifting


You had 7 spell levels left.
You didn't know any spells.
Your spell library was empty.

Dungeon Overview and Level Annotations

Branches:
Dungeon (5/15)             Temple (1/1) D:4

Altars:
Ashenzari
Dithmenos
Elyvilon
Fedhas
Gozag
Kikubaaqudgha
Makhleb
Nemelex Xobeh
Okawaru
Qazlal
Ru
Uskayaw
Vehumet
Wu Jian
Yredelemnul
Zin
The Shining One

Shops:
D:4 [

Annotations:
D:2 1 runed translucent door, Crazy Yiuf


Innate Abilities, Weirdness & Mutations

You are a hulking beast.
Your limbs bulge with bestial killing power. (Slay +2)
You have a pair of horns on your head.
You reflexively headbutt those who attack you in melee.


Message History

No target in view!
A ball python comes into view.
Found a scale mail.
The ball python hisses angrily.
You see here a scorpion corpse.
Found 11 gold pieces.
You barely miss the ball python. The ball python misses you.
The ball python grabs you. The ball python constricts you.
You barely miss the ball python. You headbutt the ball python.
You kill the ball python!
No target in view!
No target in view!
You now have 380 gold pieces (gained 11).
You see here a ball python corpse.
Found 3 stones.
Done exploring.
You see here a scorpion corpse.
There is an open door here.
There is a stone staircase leading down here.
You climb downwards.
The orc wizard shouts!
You hear a shout! x4
There is a stone staircase leading up here.
An orc wizard is nearby!
You slash the orc wizard!
You kill the orc wizard!
Okawaru accepts your kill.
A hound comes into view.
An orc comes into view. It is wielding a +0 whip.
An orc comes into view. It is wielding a +0 mace.
The hound moves out of view.
Found an opulent altar of Gozag.
An orc wizard comes into view. It is wielding a +0 dagger.
The orc completely misses you.
Things that are here:
a +0 dagger; a +0 robe You barely miss the orc.
The orc barely misses you.
The hound pauses to sniff the ground.
You closely miss the orc. You headbutt the orc.
The orc is almost dead.
The orc hits you with a +0 mace. The orc hits you but does no damage.
You closely miss the orc. You headbutt the orc.
You kill the orc!
Okawaru accepts your kill. The hound bites you.
An orc comes into view. It is wielding a +0 falchion.
The orc shouts!
You slash the hound!
You feel better.
Your headbutt misses the hound.
The hound is almost dead.
You hear a shout!
The hound bites you but does no damage. x3
You miss the hound.
The hound is almost dead.
The hound barely misses you. You furiously retaliate!
You headbutt the hound. The hound bites you but does no damage.
You barely miss the hound. You headbutt the hound.
You kill the hound!
Okawaru accepts your kill.
You barely miss the orc wizard. The orc wizard barely misses you.
You furiously retaliate!
You headbutt the orc wizard!
The orc wizard hits you but does no damage.
You closely miss the orc wizard.
The orc wizard is severely wounded.
The orc wizard gestures at you while chanting.
You are confused.
You are too confused!
You closely miss the orc wizard.
The orc wizard is severely wounded.
The orc wizard hits you but does no damage. x2
You bump into the rock wall.
The orc wizard casts a spell at you. The puff of flame misses you.
Unknown command.
You hit the orc wizard.
You kill the orc wizard!
Okawaru accepts your kill.
You bump into the rock wall.
The orc closely misses you.
There is a stone staircase leading up here.
You bump into the rock wall.
You feel less confused.
You hit the orc. You headbutt the orc.
You kill the orc!
Okawaru accepts your kill. The orc hits you but does no damage.
You barely miss the orc. The orc hits you but does no damage.
The orc hits you with a +0 whip.
You barely miss the orc. You headbutt the orc!
You kill the orc!
Okawaru accepts your kill.
An ogre comes into view. It is wielding a +0 giant club.
Things that are here:
a +0 whip; an orc corpse The ogre hits you with a +0 giant club!!
Items here: )) [[ †.
You completely miss the ogre.
The ogre hits you with a +0 giant club!!
* * * LOW HITPOINT WARNING * * *
You hit the ogre.
You feel better.
The ogre is moderately wounded.
The ogre hits you with a +0 giant club!!
You die...

###
#.. ..
.. #.
##.
#..###
#.<)#
#.##h#
# #O#
...
##.##
...
...
...
.._..


You could see an ogre.

Vanquished Creatures
  Sigmund (D:2)
  2 black bears (D:4)
  3 phantoms (D:4)
  A bullfrog (D:4)
  2 scorpions
  2 hounds
  A jelly (D:4)
  4 orc priests (D:3)
  Terence (D:2)
  Natasha (thrice) (D:2)
  6 orc wizards
  4 gnolls
  10 adders
  2 worms
  4 dart slugs
  19 orcs
  7 ball pythons
  5 endoplasms
  3 giant cockroaches
  3 goblins
  4 hobgoblins
  6 jackals
  2 quokkas
  A bat (D:2)
  3 kobolds
  4 rats
103 creatures vanquished.

Notes
Turn   | Place    | Note
-------+----------+-------------------------------------------
     0 | D:1      | Firecrotchwizard the Minotaur Shapeshifter began the quest
                  | for the Orb.
     0 | D:1      | Reached XP level 1. HP: 16/16 MP: 0/0
   630 | D:1      | Reached XP level 2. HP: 23/24 MP: 1/1
   671 | D:2      | Noticed Natasha
   671 | D:2      | Noticed Sigmund
   671 | D:2      | Noticed Terence
   872 | D:2      | Killed Sigmund
   873 | D:2      | Reached skill level 5 in Unarmed Combat
   873 | D:2      | Reached XP level 3. HP: 21/31 MP: 2/2
   873 | D:2      | Reached XP level 4. HP: 25/38 MP: 3/3
   873 | D:2      | Reached XP level 5. HP: 30/45 MP: 4/4
  1263 | D:2      | Killed Natasha
  1453 | D:2      | Found a runed translucent door.
  1454 | D:2      | Noticed Crazy Yiuf
  1504 | D:2      | Found a faded altar of an unknown god.
  1518 | D:2      | Killed Terence
  1519 | D:2      | Reached XP level 6. HP: 52/52 MP: 5/5
  1533 | D:2      | Noticed Natasha
  1540 | D:2      | Killed Natasha
  1614 | D:2      | Noticed Natasha
  1620 | D:2      | Killed Natasha
  2017 | D:3      | Reached skill level 6 in Unarmed Combat
  2477 | D:3      | Reached XP level 7. HP: 36/60 MP: 6/6
  2732 | D:3      | Reached skill level 7 in Unarmed Combat
  3067 | D:4      | Found a staircase to the Ecumenical Temple.
  3116 | D:4      | Reached skill level 5 in Fighting
  3620 | D:4      | Reached skill level 8 in Unarmed Combat
  3620 | D:4      | Reached XP level 8. HP: 68/69 MP: 7/7
  3799 | D:4      | Found a white marble altar of Elyvilon.
  4051 | D:4      | Found Puoros's Armour Shop.
  4356 | Temple   | Entered the Ecumenical Temple
  4362 | Temple   | Became a worshipper of Warmaster Okawaru
  4525 | D:5      | Entered Level 5 of the Dungeon
  4527 | D:5      | Found an opulent altar of Gozag.
  4548 | D:5      | Mangled by an ogre

Illustrated notes

Levels and vault maps discovered:
D:1:      mainiacjoe_arrival_oval_in_oval, layout_basic
D:2:      layout_basic, hellmonk_ecumenical_altar_leap_of_faith, minivault_25,
          uniq_natasha, uniq_crazy_yiuf_cottage, uniq_sigmund, uniq_terence
D:3:      cheibrodos_pilgrimage, layout_basic, nicolae_hexahallways,
          serial_park_tiny_2
D:4:      minmay_razor_zed, layout_loops_ring, elyvilon_altar_1, serial_shops,
          nicolae_shop_scrapyard
D:5:      layout_loops_corners, old_standard_altar, uniq_grinder, uniq_ijyb
Temple:   hellmonk_temple_two_chambers

Skill      XL: |  1  2  3  4  5  6  7  8 |
---------------+-------------------------+-----
Fighting       | 3 4 5 6 |  6.5
Unarmed Combat | 5 6 8 |  8.5
Shapeshifting  | 3 4 |  4.7
Dodging        | |  2.1

Action                     |  1- 3 |  4- 6 |  7- 9 || total
---------------------------+-------+-------+-------++-------
  Melee: Unarmed           |    23 |    20 |       ||    43
         Headbutt          |     1 |     5 |    24 ||    30
         Lajatang          |       |    46 |   135 ||   181
 Armour: Animal skin       |     1 |       |       ||     1
         Ring mail         |     6 |       |       ||     6
         Chain mail        |       |    60 |   146 ||   206
  Dodge: Dodged            |    13 |    43 |    68 ||   124

Table legend: (Time is in decaauts)
 A = Elapsed time spent in this place.
 B = Non-inter-level travel time spent in this place.
 C = Inter-level travel time spent in this place.
 D = Time resting spent in this place.
 E = Time spent auto-exploring this place.
 F = Levels seen in this place.
 G = Mean time per level.
                   A        B        C        D        E       F      G
               +--------+--------+--------+--------+--------+-----+--------+
         Total |   4624 |   4359 |    265 |    546 |   3142 |   6 |  770.7 |
       Dungeon |   4612 |   4354 |    258 |    546 |   3142 |   5 |  922.4 |
        Temple |     12 |      6 |      6 |      0 |      0 |   1 |   12.0 |
               +--------+--------+--------+--------+--------+-----+--------+

Top non-repeatable levels by time:
     D:4: 1553 daAuts
     D:2: 1319 daAuts
     D:3: 1005 daAuts
     D:1: 706 daAuts
     D:5: 28 daAuts
  Temple: 12 daAuts
